 Dungeon Sprint DCSS version 0.23.2 (webtiles) character file.

Game seed: 3592200127593845030

12204 Quolop the Peltast (level 11, -26/116 HPs)
             Began as a Minotaur Fighter on Apr 4, 2019.
             Was the Champion of Makhleb.
             Annihilated by an orc knight
             ... wielding a +0 battleaxe
              (40 damage)
             ... in the Dungeon (Sprint IX: "|||||||||||||||||||||||||||||").
             The game lasted 00:04:38 (1525 turns).

Quolop the Peltast (Minotaur Fighter)               Turns: 1525, Time: 00:04:38

Health: -26/116    AC: 23    Str: 31    XL:     11   Next: 59%
Magic:  10/10      EV: 10    Int:  5    God:    Makhleb [******]
Gold:   1261       SH: 15    Dex:  9    Spells: 10/10 levels left

rFire    + . .     SeeInvis .   u - +1 scimitar (flame)
rCold    . . .     Gourm    .   c - +0 shield
rNeg     . . .     Faith    .   x - +1 plate armour {rF+}
rPois    .         Spirit   .   (helmet restricted)
rElec    .         Reflect  .   q - +0 cloak
rCorr    .         Harm     .   D - +0 pair of gloves
MR       .....     NoTele   +   C - +0 pair of boots
Stlth    ..........             (no amulet)
HPRegen  0.29/turn              s - +3 ring of strength
MPRegen  0.12/turn              t - +3 ring of strength

@: no status effects
A: retaliatory headbutt, horns 2
a: Minor Destruction, Lesser Servant of Makhleb, Major Destruction, Greater
Servant of Makhleb, Renounce Religion


You were in the Dungeon.
You worshipped Makhleb.
Makhleb was exalted by your worship.
You were hungry.

You visited 1 branch You collected 1261 gold pieces.

Inventory:

Hand Weapons
 a - a +0 long sword
 p - a +2 scimitar of holy wrath
 u - a +1 scimitar of flaming (weapon)
Armour
 b - a +0 scale mail
 c - a +0 shield (worn)
 q - a +0 cloak (worn)
 r - a +0 plate armour
 x - a +1 plate armour of fire resistance (worn)
 C - a +0 pair of boots (worn)
 D - a +0 pair of gloves (worn)
Jewellery
 s - a +3 ring of strength (left hand)
 t - a +3 ring of strength (right hand)
 B - a +2 ring of strength
Wands
 o - a wand of acid (10)
Scrolls
 k - 3 scrolls of blinking
 m - 3 scrolls of remove curse
 n - 2 scrolls of amnesia
 w - 3 scrolls of identify
 y - 2 scrolls of enchant armour
 A - a scroll of fog
Potions
 d - a potion of might
 e - 5 potions of curing
 g - 2 potions of heal wounds
 h - 4 potions of haste
 i - 4 potions of magic
 j - a potion of berserk rage
 l - a potion of invisibility
 v - a potion of mutation
 z - a potion of brilliance
Comestibles
 f - 12 rations


   Skills:
 + Level 16.7 Fighting
 - Level 16.1 Long Blades
 + Level 16.8 Armour
 + Level 3.1 Dodging
 + Level 1.3 Stealth
 + Level 17.4 Shields


You had 10 spell levels left.
You didn't know any spells.
Your spell library was empty.

Dungeon Overview and Level Annotations

Branches:
Dungeon (1/1)

Altars:
Cheibriados
Dithmenos
Elyvilon
Fedhas
Gozag
Hepliaklqana
Kikubaaqudgha
Makhleb
Nemelex Xobeh
Okawaru
Qazlal
Ru
Sif Muna
Trog
Uskayaw
Vehumet
Wu Jian
Xom
Yredelemnul
Zin
The Shining One
Beogh
Jiyva
Lugonu

Shops:
D (=!


Innate Abilities, Weirdness & Mutations

You reflexively headbutt those who attack you in melee.
You have a pair of horns on your head.


Message History

The orc warrior goes into a battle-frenzy!
You barely miss the orc knight. Your headbutt misses the orc knight.
The orc knight is moderately wounded.
The orc knight no longer looks unusually strong. x2
An orc warrior comes into view. It is wielding a +0 glaive.
The orc knight hits you with a +0 battleaxe!!
* * * LOW HITPOINT WARNING * * *
You barely miss the orc knight.
The orc knight is moderately wounded.
You are feeling hungry.
The orc warrior shouts!
You hit the orc knight but do no damage.
You headbutt the orc knight, but do no damage.
The orc knight is moderately wounded.
The orc knight roars a battlecry!
The orc knight goes into a battle-frenzy!
The orc knight roars a battlecry!
The orc knight goes into a battle-frenzy!
The orc knight hits you with a +0 battleaxe!!!
You die...

.'.....)'...[.)|..'______________
▓▓▓▓▓▓▓▓▓▓▓▓▓▓▓▓▓▓▓▓▓▓▓▓▓▓▓▓▓▓▓▓▓
.................................
▓▓▓▓▓▓▓▓▓▓▓▓▓▓▓▓▓▓▓▓▓▓▓▓▓▓▓▓▓▓▓▓▓
[....'.!..........'...†....†'....
▓▓▓▓▓▓▓▓▓▓▓▓▓▓▓▓▓▓▓▓▓▓▓▓▓▓▓▓▓▓▓▓▓
.................................
▓▓▓▓▓▓▓▓▓▓▓▓▓▓▓▓▓▓▓▓▓▓▓▓▓▓▓▓▓▓▓▓▓
ooooooo@())......)).)))'
▓▓▓▓▓▓▓▓▓▓▓▓▓▓▓▓▓▓▓▓▓▓▓▓


You could see 4 orc knights and 3 orc warriors.

Vanquished Creatures
  A dire elephant (D)
  A hydra (D)
  Erica (D)
  An orc high priest (D)
  5 orc knights (D)
  A manticore (D)
  8 elephants (D)
  A gargoyle (D)
  A spiny frog (D)
  A hornet (shapeshifter) (D)
  A blink frog (D)
  A hippogriff (D)
  A shadow (D)
  3 yaks (D)
  A wyvern (D)
  5 water moccasins (D)
  3 porcupines (D)
  9 orc warriors (D)
  An ogre (D)
  2 crocodiles (D)
  A big kobold (D)
  2 bullfrogs (D)
  2 crimson imps (D)
  An orc priest (D)
  4 orc wizards (D)
  A worker ant (D)
  An ooze (D)
  2 leopard geckos (D)
  11 orcs (D)
  A bat skeleton (D)
  A bat zombie (D)
  A hobgoblin (D)
  A kobold (D)
  A quokka (D)
  A leopard gecko skeleton (D)
79 creatures vanquished.

Notes
Turn   | Place    | Note
-------+----------+-------------------------------------------
     0 | D        | Quolop the Minotaur Fighter began the quest for the Orb.
     0 | D        | Reached XP level 1. HP: 19/19 MP: 0/0
     5 | D        | Reached skill level 4 in Shields
    13 | D        | Reached XP level 2. HP: 24/28 MP: 1/1
    21 | D        | Noticed a crimson imp
    25 | D        | Reached skill level 5 in Fighting
    25 | D        | Reached skill level 5 in Armour
    25 | D        | Reached skill level 5 in Shields
    25 | D        | Reached XP level 3. HP: 32/36 MP: 2/2
    29 | D        | Reached XP level 4. HP: 40/44 MP: 3/3
    31 | D        | Reached skill level 6 in Shields
    80 | D        | Found a roughly hewn altar of Beogh.
    80 | D        | Found a snail-covered altar of Cheibriados.
    80 | D        | Found a shadowy altar of Dithmenos.
    80 | D        | Found a white marble altar of Elyvilon.
    80 | D        | Found a blossoming altar of Fedhas.
    80 | D        | Found an opulent altar of Gozag.
    81 | D        | Found a hazy altar of Hepliaklqana.
    82 | D        | Found a viscous altar of Jiyva.
    83 | D        | Found an ancient bone altar of Kikubaaqudgha.
    84 | D        | Found a corrupted altar of Lugonu.
    85 | D        | Found a burning altar of Makhleb.
    86 | D        | Found a sparkling altar of Nemelex Xobeh.
    87 | D        | Found an iron altar of Okawaru.
    88 | D        | Found a stormy altar of Qazlal.
    89 | D        | Found a sacrificial altar of Ru.
    90 | D        | Found a deep blue altar of Sif Muna.
    91 | D        | Found a bloodstained altar of Trog.
    92 | D        | Found a hide-covered altar of Uskayaw.
    93 | D        | Became a worshipper of Makhleb the Destroyer
    94 | D        | Found a radiant altar of Vehumet.
    95 | D        | Found an ornate altar of the Wu Jian Council.
    96 | D        | Found a shimmering altar of Xom.
    97 | D        | Found a basalt altar of Yredelemnul.
    98 | D        | Found a glowing silver altar of Zin.
    99 | D        | Found a glowing golden altar of the Shining One.
   138 | D        | Noticed an ogre
   138 | D        | Noticed a hippogriff
   138 | D        | Noticed a water moccasin
   138 | D        | Noticed a gargoyle
   138 | D        | Noticed a big kobold
   145 | D        | Killed a big kobold
   156 | D        | Killed a gargoyle
   156 | D        | Reached skill level 10 in Long Blades
   156 | D        | Reached skill level 8 in Shields
   156 | D        | Reached XP level 5. HP: 23/56 MP: 4/4
   156 | D        | Reached XP level 6. HP: 25/62 MP: 5/5
   158 | D        | Killed a water moccasin
   158 | D        | Reached * piety under Makhleb
   158 | D        | Reached XP level 7. HP: 29/70 MP: 6/6
   165 | D        | Killed a hippogriff
   165 | D        | Reached skill level 9 in Shields
   175 | D        | Reached ** piety under Makhleb
   396 | D        | Noticed a basilisk
   396 | D        | Noticed a manticore
   396 | D        | Noticed a shadow
   396 | D        | Noticed a yak
   398 | D        | Noticed a spriggan
   398 | D        | a basilisk changed into a spriggan
   401 | D        | Killed a yak
   401 | D        | Reached skill level 10 in Fighting
   408 | D        | Killed a shadow
   408 | D        | Reached XP level 8. HP: 38/79 MP: 7/7
   417 | D        | Killed a manticore
   417 | D        | Reached skill level 10 in Armour
   417 | D        | Reached skill level 1 in Dodging
   417 | D        | Reached skill level 10 in Shields
   423 | D        | Reached *** piety under Makhleb
   429 | D        | Noticed a hornet
   429 | D        | a golden eye changed into a hornet
   432 | D        | Paralysed by a hornet for 3 turns
   435 | D        | HP: 4/81 [hornet (shapeshifter) (3)]
   436 | D        | HP: 1/81 [hornet (shapeshifter) (3)]
   442 | D        | Paralysed by a hornet for 2 turns
   452 | D        | Killed a hornet
   452 | D        | Reached skill level 15 in Long Blades
   927 | D        | Noticed Erica
   946 | D        | Killed Erica
   946 | D        | Reached skill level 11 in Shields
   946 | D        | Reached XP level 9. HP: 89/89 MP: 8/8
  1012 | D        | Noticed a four-headed hydra
  1013 | D        | Reached **** piety under Makhleb
  1013 | D        | Noticed a spiny frog
  1020 | D        | Killed a one-headed hydra
  1020 | D        | Reached skill level 1 in Stealth
  1020 | D        | Reached skill level 12 in Shields
  1027 | D        | Reached ***** piety under Makhleb
  1030 | D        | Killed a spiny frog
  1030 | D        | Reached skill level 13 in Shields
  1040 | D        | Reached XP level 10. HP: 99/99 MP: 9/9
  1050 | D        | Noticed an elephant
  1062 | D        | Killed an elephant
  1066 | D        | Reached skill level 14 in Shields
  1072 | D        | Reached ****** piety under Makhleb
  1090 | D        | Noticed an elephant
  1090 | D        | Noticed an elephant
  1090 | D        | Noticed an elephant
  1090 | D        | Noticed a dire elephant
  1090 | D        | Noticed an elephant
  1090 | D        | Noticed an elephant
  1094 | D        | Noticed an elephant
  1097 | D        | Killed an elephant
  1107 | D        | Killed a dire elephant
  1107 | D        | Reached skill level 15 in Shields
  1114 | D        | Killed an elephant
  1117 | D        | Killed an elephant
  1117 | D        | Reached skill level 15 in Armour
  1122 | D        | Killed an elephant
  1127 | D        | Killed an elephant
  1127 | D        | Reached XP level 11. HP: 104/111 MP: 10/10
  1130 | D        | Reached skill level 16 in Shields
  1143 | D        | Reached skill level 15 in Fighting
  1330 | D        | Noticed an orc high priest
  1335 | D        | Noticed a sun demon
  1344 | D        | Killed an orc high priest
  1400 | D        | Noticed an orc knight
  1422 | D        | Killed an orc knight
  1468 | D        | Found Tenekhaj's Distillery.
  1468 | D        | Noticed an orc knight
  1468 | D        | Noticed an orc knight
  1468 | D        | Noticed an orc knight
  1469 | D        | Noticed an orc knight
  1472 | D        | Noticed an orc knight
  1479 | D        | Killed an orc knight
  1479 | D        | Reached skill level 17 in Shields
  1480 | D        | Noticed an orc knight
  1487 | D        | Killed an orc knight
  1488 | D        | Found Ympoas's Jewellery Shop.
  1497 | D        | Noticed an orc knight
  1503 | D        | Killed an orc knight
  1504 | D        | Found Saqyela's Weapon Boutique.
  1509 | D        | Noticed an orc knight
  1514 | D        | Killed an orc knight
  1525 | D        | Annihilated by an orc knight

Skill      XL: |  1  2  3  4  5  6  7  8  9 10 11 |
---------------+----------------------------------+-----
Fighting       | 4 5 6 8 9 10 11 12 14 16 | 16.7
Armour         | 4 5 8 9 11 13 15 16 | 16.8
Shields        | 4 5 8 9 11 13 15 17 | 17.4
Long Blades    | 3 4 10 11 13 16 | 16.1
Dodging        | 1 2 3 |  3.1
Stealth        | 1 |  1.3

Action                   |  1- 3 |  4- 6 |  7- 9 | 10-12 || total
-------------------------+-------+-------+-------+-------++-------
Melee: Long sword        |    19 |    24 |    69 |       ||   112
       Headbutt          |     2 |     4 |    18 |    59 ||    83
       Scimitar          |       |       |    24 |   192 ||   216
  Use: Potion            |       |       |     2 |       ||     2
  Eat: Chunk             |       |       |       |     2 ||     2
Armor: Scale mail        |    13 |     2 |       |       ||    15
       Plate armour      |       |    10 |    32 |    28 ||    70
Dodge: Dodged            |     5 |     6 |    22 |    26 ||    59
Block: Shield            |     6 |     8 |    48 |    72 ||   134
       Rpst.: Long sword |     1 |     3 |     2 |       ||     6
       Scimitar          |       |       |     1 |     7 ||     8
